 Dungeon Crawl Stone Soup version 0.30.1-11-g7821555f0a (webtiles) character file.

Game seed: 361078213422261298

515 monsoonserge the Conjurer (level 7, -1/35 (41) HPs)
             Began as a Tengu Reaver on Jan 11, 2024.
             Was an Initiate of Okawaru.
             Slain by an ogre
             ... wielding a +0 giant club
              (2 damage)
             ... while paralysed by Grinder
             ... on level 5 of the Dungeon.
             The game lasted 00:11:28 (3295 turns).

monsoonserge the Conjurer (Tengu Reaver)            Turns: 3295, Time: 00:11:29

HP:   -1/35 (41)    AC:  7    Str: 12    XL:     7   Next: 20%
MP:   10/11         EV:  2    Int: 16    God:    Okawaru [......]
Gold: 218           SH:  0    Dex: 18    Spells: 9/10 levels left

rFire   . . .        z - +0 dire flail (protect)
rCold   . . .        (shield currently unavailable)
rNeg    + . .        r - +2 robe {rN+}
rPois   .            (helmet restricted)
rElec   .            c - +2 cloak
rCorr   .            (no gloves)
SInv    .            (boots unavailable)
Will    .....        (no amulet)
Stlth   ++           a - +6 ring of dexterity
HPRegen 0.25/turn    (no ring)
MPRegen 0.12/turn

%: no passive effects
@: paralysed, flying quickly and evasively, heavily drained, quick
A: beak, talons 3, nimble flight
a: Renounce Religion


You were on level 5 of the Dungeon.
You worshipped Okawaru.
Okawaru was noncommittal.
You visited 2 branches of the dungeon, and saw 6 of its levels.

You collected 218 gold pieces.

Inventory:

Hand Weapons
 i - a +0 battleaxe
 q - a +0 scythe of protection
 v - a +1 whip of pain
 z - a +0 dire flail of protection (weapon)
Missiles
 e - 2 javelins
 k - 9 poisoned darts (quivered)
 w - 6 boomerangs
 x - 5 datura-tipped darts
Armour
 c - a +2 cloak (worn)
 m - an orb of energy
 r - a +2 robe of positive energy (worn)
 A - a +2 chain mail of poison resistance
 C - a +0 leather armour of poison resistance
Jewellery
 a - a +6 ring of dexterity (left hand)
Wands
 y - a wand of digging (5)
Scrolls
 g - a scroll of noise {unknown}
 h - a scroll of identify {unknown}
 l - a scroll of blinking {unknown}
 n - a scroll of teleportation {unknown}
 p - a scroll of poison {unknown}
 t - a scroll of brand weapon {unknown}
 u - a scroll of enchant weapon {unknown}
Potions
 b - a potion of brilliance {unknown}
 d - 4 potions of degeneration {unknown}
 f - 6 potions of mutation {unknown}
 j - a potion of lignification {unknown}
 o - 2 potions of curing {unknown}
 s - 2 potions of heal wounds {unknown}
 B - a potion of berserk rage {unknown}


   Skills:
 + Level 3.2 Fighting
 - Level 1.9(4.1) Axes
 + Level 4.1(4.4) Maces & Flails
 - Level 3.7(4.0) Polearms
 + Level 0.2 Throwing
 - Level 3.2 Armour
 + Level 4.0 Dodging
 - Level 2.0 Spellcasting
 + Level 4.7 Conjurations


You had 9 spell levels left.
You knew the following spells:

 Your Spells              Type           Power      Damage    Failure   Level
a - Kiss of Death         Conj/Necr      36%        2d8       8%          1

Your spell library contained the following spells:

 Spells                   Type           Power      Damage    Failure   Level
 Momentum Strike          Conj/Tloc      18%        3d8       12%         2
 Sting                    Tmut/Pois      4%         1d3       21%         1
 Hailstorm                Conj/Ice       9%         3d4       24%         3
 Poisonous Vapours        Pois/Air       2%         N/A       30%         2
 Sublimation of Blood     Necr           1%         N/A       30%         2
 Wereblood                Tmut           1%         N/A       30%         2
 Ozocubu's Armour         Ice            1%         N/A       52%         3
 Olgreb's Toxic Radiance  Pois           1%         N/A       90%         4
 Ozocubu's Refrigeration  Ice            0%         4d7       100%        7
 Summon Hydra             Summ           Unusable   N/A       N/A         7

Dungeon Overview and Level Annotations

Branches:
Dungeon (5/15)             Temple (1/1) D:4

Altars:
Ashenzari
Cheibriados
Elyvilon
Fedhas
Gozag
Hepliaklqana
Kikubaaqudgha
Makhleb
Nemelex Xobeh
Okawaru
Qazlal
Ru
Sif Muna
Trog
Uskayaw
Vehumet
Wu Jian
Xom
Yredelemnul
Zin
The Shining One

Annotations:
D:5 Grinder


Innate Abilities, Weirdness & Mutations

You have a beak for a mouth.
You have claws for feet.
Your magical nature lets you fly swiftly and evasively.


Message History

Things that are here:
a +0 whip of electrocution; a +0 scale mail
Things that are here:
a +0 mace; a +0 leather armour
Items here: ))))).
You see here a +0 sling.
Done exploring.
Done exploring.
There is a stone staircase leading down here.
You fly downwards.
Found 14 gold pieces.
Found a stone staircase leading down.
There is a stone staircase leading up here.
Grinder shouts!
The ogre shouts!
The ogre hits you with a +0 giant club!!
Ouch! That really hurt!
Grinder gestures at you. Pain shoots through your body!
You hit the ogre.
Your weapon exudes an aura of protection.
You peck the ogre, but do no damage.
The ogre is lightly wounded.
The ogre closely misses you.
Casting: Kiss of Death (safe; 8% risk of failure)
Confirm with . or Enter, or press ? or * to list all spells.
Aiming: Kiss of Death (safe; 8% risk of failure)
Press: ? - help, Shift-Dir - straight line, f - ogre
Aim: an ogre, wielding a +0 giant club (lightly wounded, 100% to hit)
The negative energy hits the ogre.
The ogre is drained!
The ogre is heavily wounded.
You feel drained. Grinder gestures at you. Pain shoots through your body!
You barely miss the ogre. You claw the ogre. You peck the ogre.
The ogre is severely wounded.
The ogre hits you with a +0 giant club!
* * * LOW HITPOINT WARNING * * *
Grinder gestures at you.
You suddenly lose the ability to move!
The ogre hits you with a +0 giant club.
You die...

#### ####..##
#......#
###...<.#.#
..##.........##
.......@.>.$..#
.....5.O......#
........#..####
.#.##...##... #
##.## #.... ..
##.. ... .. #..


You could see Grinder and an ogre (drained).

Vanquished Creatures
  Sigmund (D:2)
  Edmund (D:4)
  Terence (D:2)
  2 orc wizards (D:4)
  4 adders
  4 worms
  6 dart slugs
  12 orcs (D:4)
  11 ball pythons
  3 bats
  6 endoplasms
  3 giant cockroaches
  8 goblins
  8 hobgoblins
  4 quokkas
  3 frilled lizards
  13 kobolds
  2 rats
92 creatures vanquished.

Notes
Turn   | Place    | Note
-------+----------+-------------------------------------------
     0 | D:1      | monsoonserge the Tengu Reaver began the quest for the Orb.
     0 | D:1      | Reached XP level 1. HP: 12/12 MP: 4/4
   100 | D:1      | Reached XP level 2. HP: 15/17 MP: 6/6
   337 | D:1      | Reached XP level 3. HP: 21/21 MP: 7/7
   445 | D:2      | Noticed Terence
   449 | D:2      | Killed Terence
   450 | D:2      | Reached skill level 1 in Axes
   556 | D:2      | Reached XP level 4. HP: 26/26 MP: 8/8
   559 | D:2      | Reached skill level 1 in Armour
   690 | D:2      | Noticed Sigmund
   710 | D:2      | Killed Sigmund
   711 | D:2      | Gained mutation: Your magical nature lets you fly swiftly
                  | and evasively. [Tengu growth]
   711 | D:2      | Reached XP level 5. HP: 8/31 MP: 7/9
   711 | D:2      | Reached XP level 6. HP: 9/36 MP: 7/10
  1727 | D:3      | Identified the +1 pair of boots of Inevitability {Regen+
                  | rCorr Int+4}
  2279 | D:4      | Found a staircase to the Ecumenical Temple.
  2340 | Temple   | Entered the Ecumenical Temple
  2602 | Temple   | Became a worshipper of Warmaster Okawaru
  2754 | D:4      | Noticed Edmund
  2772 | D:4      | Killed Edmund
  2773 | D:4      | Reached XP level 7. HP: 25/40 MP: 11/11
  3289 | D:5      | Entered Level 5 of the Dungeon
  3289 | D:5      | Noticed Grinder
  3294 | D:5      | HP: 1/35 [ogre/+0 giant club (16)]
  3294 | D:5      | Paralysed by Grinder for 3 turns
  3295 | D:5      | Slain by an ogre

Illustrated notes

Levels and vault maps discovered:
D:1:      scummos_arrival_gate, layout_rooms, minmay_tromino_v7
D:2:      layout_basic, uniq_terence, uniq_sigmund
D:3:      layout_loops_corners
D:4:      layout_loops_ring, minmay_temple_entry_nine_rooms,
          hangedman_minor_gate_pass, uniq_edmund
D:5:      minmay_spotlight, layout_cave_pools, minivault_5, grunt_ministairs_15,
          uniq_grinder, uniq_crazy_yiuf_cottage, uniq_ijyb
Temple:   regret_index_temple_sigil_plot

Skill      XL: |  1  2  3  4  5  6  7 |
---------------+----------------------+-----
Axes           | 1 |  1.9
Armour         | 3 |  3.2
Polearms       | 2 3 |  3.7
Dodging        | 3 4 |  4.0
Maces & Flails | 4 |  4.1
Fighting       | 3 |  3.2
Throwing       | |  0.2
Spellcasting   | |  2.0
Conjurations   | |  4.7

Action                     |  1- 3 |  4- 6 |  7- 9 || total
---------------------------+-------+-------+-------++-------
  Melee: Mace              |    37 |       |       ||    37
         Kick              |    13 |    39 |    14 ||    66
         Battleaxe         |    31 |    24 |       ||    55
         Peck              |     9 |    24 |     7 ||    40
         Halberd           |       |   125 |       ||   125
         Dire flail        |       |       |    39 ||    39
  Throw: Dart              |       |     2 |       ||     2
   Cast: Kiss of Death     |     1 |     3 |     1 ||     5
   Stab: Sleeping          |     1 |     4 |     1 ||     6
 Armour: Leather armour    |    28 |       |       ||    28
         Ring mail         |       |     9 |       ||     9
         Robe              |       |    21 |    11 ||    32
  Dodge: Dodged            |    50 |    98 |    29 ||   177
